 Dungeon Crawl Stone Soup version 0.27-a0-1090-gb115f176c6 (webtiles) character file.

Game seed: 7166672282708004368

356 voltaire321 the Poker (level 6, -5/48 HPs)
             Began as a Merfolk Gladiator on Apr 27, 2021.
             Killed from afar by an orc wizard (7 damage)
             ... with a magic dart
             ... on level 4 of the Dungeon.
             The game lasted 00:11:28 (3903 turns).

voltaire321 the Poker (Merfolk Gladiator)           Turns: 3903, Time: 00:11:28

Health: -5/48      AC:  7    Str: 15    XL:     6   Next: 63%
Magic:  6/6        EV: 14    Int:  7    God:
Gold:   142        SH:  0    Dex: 17    Spells: 5/5 levels left

rFire    . . .     SeeInvis .   a - +0 trident
rCold    . . .     Faith    .   (no shield)
rNeg     . . .     Spirit   .   b - +0 leather armour
rPois    .         Reflect  .   h - +2 helmet
rElec    .         Harm     .   x - +0 cloak
rCorr    .         Rampage  .   (no gloves)
Will     .....                  (no boots)
Stlth    +.........             (no amulet)
HPRegen  0.16/turn              (no ring)
MPRegen  0.10/turn              (no ring)

@: confused
A: (nimble swimmer 2), mertail
a: no special abilities


You were on level 4 of the Dungeon.
You visited 1 branch of the dungeon, and saw 4 of its levels.

You collected 181 gold pieces.
You spent 39 gold pieces at shops.

Inventory:

Hand Weapons
 a - a +0 trident (weapon)
Missiles
 d - 3 throwing nets (quivered)
 g - 3 javelins
 v - 4 curare-tipped darts
Armour
 b - a +0 leather armour (worn)
 h - a +2 helmet (worn)
 x - a +0 cloak (worn)
Jewellery
 r - an amulet of regeneration
Wands
 t - a wand of acid (7)
Scrolls
 c - 3 scrolls of identify
 e - a scroll of enchant armour {unknown}
 l - 2 scrolls of teleportation
 m - 2 scrolls of fog {unknown}
 n - 2 scrolls of enchant weapon {unknown}
 o - 2 scrolls of noise {unknown}
 w - 2 scrolls of immolation {unknown}
Potions
 f - 2 potions of might
 i - a potion of attraction {unknown}
 j - a potion of mutation {unknown}
 k - a potion of degeneration {unknown}
 p - 2 potions of brilliance {unknown}
 q - 3 potions of heal wounds {unknown}
 s - a potion of magic {unknown}
 u - 2 potions of haste {unknown}
 z - a potion of resistance {unknown}


   Skills:
 + Level 4.1 Fighting
 + Level 6.4 Polearms
 + Level 3.7 Throwing
 + Level 5.9 Dodging


You had 5 spell levels left.
You didn't know any spells.
Your spell library contained the following spells:

 Spells                   Type           Power      Damage    Failure   Level
 Summon Small Mammal      Summ           0%         N/A       50%         1
 Call Imp                 Summ           0%         N/A       65%         2
 Call Canine Familiar     Summ           0%         N/A       86%         3
 Summon Guardian Golem    Hex/Summ       0%         N/A       86%         3
 Summon Ice Beast         Ice/Summ       0%         N/A       99%         4
 Summon Lightning Spire   Summ/Air       0%         N/A       99%         4


Dungeon Overview and Level Annotations

Branches:
Dungeon (4/15)
 Temple: D:4-7

Altars:

Shops:
D:1 ?


Innate Abilities, Weirdness & Mutations

((You are quick and stealthy near water. (Stealth+, EV+, Speed+++)))
Your lower body shifts to a powerful aquatic tail in water.


Message History

The magic dart hits you.
You completely miss something. Something barely misses you.
You miss something. Something hits you.
You closely miss something. Something barely misses you.
You closely miss something. Something hits you but does no damage.
You closely miss something. Something hits you but does no damage.
You barely miss something. Something barely misses you.
You hit something. Something hits you.
You hit something but do no damage. Something completely misses you.
You miss something. Something hits you but does no damage.
You miss something.
You hear some strange, mumbled words.
Something tries to affect you, but you resist.
You miss something.
You hear some strange, mumbled words.
You are confused.
You barely miss something. Something hits you.
You miss something. Something hits you.
You bump into the rock wall.
Something hits you.
You barely miss something. Something hits you but does no damage.
You hit something but do no damage.
You hear some strange, mumbled words.
A puff of flame appears from out of thin air!
The puff of flame hits you!
You bump into the rock wall.
You hear some strange, mumbled words.
You are more confused.
You bump into the rock wall.
You hear some strange, mumbled words.
A puff of flame appears from out of thin air!
The puff of flame hits you!
* * * LOW HITPOINT WARNING * * *
You bump into the rock wall.
An orc wizard appears from thin air!
Reactivating autopickup.
The orc wizard hits you with a +0 dagger.
* * * LOW HITPOINT WARNING * * *
You bump into the rock wall.
The orc wizard casts a spell at you. The magic dart hits you!
You die...

######### ........###
######### ..........#
#.......# ..........#
#.......# #........#
#.......#
#........#########.......#
#.....)...Zo@....#.......#
#........#######.#.[.....####
#........#######.....>.†)....
##.>.........................
#...........................
...#..##.###################.
#####...... ... #<........
...# #.......... ..#.#


You could see an orc wizard and a hound skeleton.

Vanquished Creatures
  An ice beast (D:3)
  An orc priest (D:3)
  An iguana (D:4)
  2 orc wizards (D:4)
  A hound skeleton (D:4)
  3 adders (D:4)
  2 worms
  A dart slug (D:1)
  15 orcs
  6 bats
  6 endoplasms
  5 giant cockroaches
  6 goblins
  11 hobgoblins
  4 jackals (D:3)
  9 kobolds
  3 quokkas
  5 ball pythons
  A frilled lizard (D:1)
  8 rats
91 creatures vanquished.

Notes
Turn   | Place    | Note
-------+----------+-------------------------------------------
     0 | D:1      | voltaire321 the Merfolk Gladiator began the quest for the
                  | Orb.
     0 | D:1      | Reached XP level 1. HP: 16/16 MP: 1/1
     9 | D:1      | Found a faded altar of an unknown god.
   135 | D:1      | Reached XP level 2. HP: 21/23 MP: 2/2
   323 | D:1      | Reached XP level 3. HP: 28/28 MP: 3/3
   593 | D:1      | Found Puff's Magic Scroll Boutique.
   604 | D:1      | Bought a scroll of teleportation for 39 gold pieces
   807 | D:2      | Reached skill level 5 in Polearms
   821 | D:2      | You fall into a shaft and drop 2 floors!
  1425 | D:2      | Reached XP level 4. HP: 30/35 MP: 4/4
  1602 | D:2      | Upgraded the game from 0.27-a0-1084-g78b3836a5f to
                  | 0.27-a0-1090-gb115f176c6
  2318 | D:3      | Noticed an ice beast
  2335 | D:3      | Killed an ice beast
  2336 | D:3      | Reached skill level 5 in Dodging
  2336 | D:3      | Reached XP level 5. HP: 30/41 MP: 5/5
  2780 | D:4      | Reached skill level 6 in Polearms
  2802 | D:4      | Reached XP level 6. HP: 15/48 MP: 6/6
  3902 | D:4      | HP: 2/48 [orc wizard/+0 dagger (1)]
  3903 | D:4      | Killed from afar by an orc wizard

Illustrated notes

Levels and vault maps discovered:
D:1:      dpeg_arrival_tiny_k, layout_rooms, basic_ecumenical_altar,
          serial_shops, shop_statue, minmay_bisected
D:2:      layout_basic, serial_co_window_serial, co_window_corner_a,
          co_window_paths_b, co_window_paths_b, co_window_corner_a,
          co_window_paths_a, co_window_broadway_a, co_window_broadway_b,
          co_window_of_opportunity_b, co_window_corner_b, co_window_broadway_b,
          co_window_2corner, co_window_corner_b, glass_columns_b,
          glass_columns_a
D:3:      layout_rooms
D:4:      layout_basic, minmay_fractal_squares_5

Skill      XL: |  1  2  3  4  5  6 |
---------------+-------------------+-----
Polearms       | 5 6 |  6.4
Fighting       | 3 4 |  4.1
Throwing       | 3 |  3.7
Dodging        | 5 |  5.9

Action                   |  1- 3 |  4- 6 || total
-------------------------+-------+-------++-------
Melee: Trident           |   149 |   213 ||   362
  Use: Scroll            |     1 |       ||     1
       Potion            |       |     1 ||     1
 Stab: Distracted        |       |     1 ||     1
Armor: Leather armour    |    54 |    41 ||    95
Dodge: Dodged            |   114 |   102 ||   216

Table legend: (Time is in decaauts)
 A = Elapsed time spent in this place.
 B = Non-inter-level travel time spent in this place.
 C = Inter-level travel time spent in this place.
 D = Time resting spent in this place.
 E = Time spent auto-exploring this place.
 F = Levels seen in this place.
 G = Mean time per level.
                   A        B        C        D        E       F      G
               +--------+--------+--------+--------+--------+-----+--------+
         Total |   3913 |   3820 |     93 |    894 |   2042 |   4 |  978.2 |
       Dungeon |   3913 |   3820 |     93 |    894 |   2042 |   4 |  978.2 |
               +--------+--------+--------+--------+--------+-----+--------+

Top non-repeatable levels by time:
     D:2: 1212 daAuts
     D:4: 1153 daAuts
     D:3: 786 daAuts
     D:1: 760 daAuts
